 Dungeon Crawl Stone Soup version 0.31-a0-691-g409c26aa35 (webtiles) character file.

Game seed: 8470633356788494676

18 cforsyth the Trooper (level 2, -1/25 HPs)
             Began as a Djinni Chaos Knight on Sept 6, 2023.
             Was a Plaything of Xom.
             Slain by a gnoll
             ... wielding a +0 spear
              (10 damage)
             ... on level 1 of the Dungeon.
             The game lasted 00:00:43 (727 turns).

cforsyth the Trooper (Djinni Chaos Knight)           Turns: 727, Time: 00:00:43

Health: -1/25      AC:  5    Str: 11    XL:     2   Next: 85%
Gold:   20         EV: 12    Int: 13    God:    Xom [..*...] SH:  0 Dex: 12

rFire   + + .        a - +0 falchion (chaos)
rCold   x . .        (no shield)
rNeg    . . .        b - +2 leather armour
rPois   ∞            (no helmet)
rElec   .            j - scarf {shadows}
rCorr   .            (no gloves)
SInv    .            (boots unavailable)
Will    .....        (no amulet)
Stlth   +            (no ring)
HPRegen 0.24/turn    (no ring)
MPRegen 0.00/turn

%: infuse magic (-2 HP)
@: flying
A: sickness immunity, fire resistance 2, cold vulnerability 1, float, innate
caster, HP casting, extra vitality 1
a: Renounce Religion


You were on level 1 of the Dungeon.
You worshipped Xom.
You were a toy of Xom.
You visited 1 branch of the dungeon, and saw 1 of its levels.

You collected 20 gold pieces.

Inventory:

Hand Weapons
 a - a +0 falchion of chaos (weapon)
Armour
 b - a +2 leather armour (worn)
 j - a scarf of shadows (worn)
Jewellery
 e - a +6 ring of dexterity
Scrolls
 c - a scroll of butterflies
 d - 2 scrolls of brand weapon {unknown}
 f - a scroll of fear {unknown}
 g - a scroll of teleportation {unknown}
 h - a scroll of identify {unknown}
Potions
 i - a potion of might {unknown}
 k - 2 potions of curing {unknown}


   Skills:
 + Level 3.2 Fighting
 + Level 2.9 Long Blades
 + Level 1.4 Armour
 + Level 2.5 Dodging You didn't know any spells. Your spell library was empty.

Dungeon Overview and Level Annotations

Branches:
Dungeon (1/15)

Altars:


Innate Abilities, Weirdness & Mutations

You are immune to sickness and miasma.
You are immune to poison.
Your flesh is very heat resistant. (rF++)
You are vulnerable to cold. (rC-)
You float through the air rather than walking.
You learn spells naturally, not from books.
Your magical power is your life essence.
You have superior vitality. (+4 MHP)


Message History

The kobold hits you with a +0 short sword.
You closely miss the kobold. The kobold hits you but does no damage.
You hit the kobold but do no damage. The kobold hits you but does no damage.
The kobold hits you with a +0 short sword.
You hit the kobold.
You feel better.
You kill the kobold!
No target in view!
No target in view!
As you open the door, it creaks loudly!
A kobold and a gnoll come into view.
The kobold shouts!
The gnoll shouts!
Found 10 gold pieces.
There are monsters nearby!
The kobold hits you with a +0 club. The gnoll barely misses you.
There is an open door here.
You hit the gnoll.
The gnoll is heavily wounded.
The kobold hits you but does no damage. The gnoll hits you with a +0 spear.
You hit the gnoll but do no damage.
The gnoll is heavily wounded.
The kobold barely misses you. The gnoll hits you but does no damage.
You hit the gnoll.
The gnoll seems to grow stronger.
The gnoll is almost dead.
The kobold misses you. The gnoll hits you with a +0 spear.
You closely miss the gnoll.
The gnoll is almost dead.
The kobold hits you with a +0 club. The gnoll hits you but does no damage.
You closely miss the gnoll.
The gnoll is almost dead.
The kobold hits you with a +0 club. The gnoll barely misses you.
The kobold hits you with a +0 club. The gnoll barely misses you.
You are too injured to fight recklessly!
You are too injured to fight recklessly!
You are too injured to fight recklessly!
You are too injured to fight recklessly!
You are too injured to fight recklessly!
You are too injured to fight recklessly!
You are too injured to fight recklessly!
The gnoll hits you from afar with a +0 spear!
You die...

.#####.#.# #
.........# #
..##.#...#######
#
.##.)..........
#
........######.
# #.###...## #
#.......#
######.## #@#
#K# #..g#
#.....#
........#
#.........# #
+...$.....+ ..
#.........# ..


You could see a gnoll (strong) and a kobold.

Vanquished Creatures
  2 bats (D:1)
  4 endoplasms (D:1)
  A giant cockroach (D:1)
  6 ball pythons (D:1)
  A frilled lizard (D:1)
  A goblin (D:1)
  2 kobolds (D:1)
  2 rats (D:1)
19 creatures vanquished.

Notes
Turn   | Place    | Note
-------+----------+-------------------------------------------
     0 | D:1      | cforsyth the Djinni Chaos Knight began the quest for the
                  | Orb.
     0 | D:1      | Reached XP level 1. HP: 20/20 MP: 0/0
    43 | D:1      | XOM: potion effect (invisibility)
   216 | D:1      | Reached XP level 2. HP: 25/25 MP: 0/0
   636 | D:1      | XOM: noise
   659 | D:1      | Found a faded altar of an unknown god.
   727 | D:1      | Slain by a gnoll

Illustrated notes

Levels and vault maps discovered:
D:1:      lemuel_arrival_room, layout_loops_corners,
          hellmonk_ecumenical_altar_pennies_from_heaven, hex_large

Action                     || total
---------------------------++-------
  Melee: Falchion          ||    64
         Punch             ||     1
   Stab: Invisible         ||     1
 Armour: Leather armour    ||    35
  Dodge: Dodged            ||    49

Table legend: (Time is in decaauts)
 A = Elapsed time spent in this place.
 B = Non-inter-level travel time spent in this place.
 C = Inter-level travel time spent in this place.
 D = Time resting spent in this place.
 E = Time spent auto-exploring this place.
 F = Levels seen in this place.
 G = Mean time per level.
                   A        B        C        D        E       F      G
               +--------+--------+--------+--------+--------+-----+--------+
         Total |    737 |    737 |      0 |      0 |    584 |   1 |  737.0 |
       Dungeon |    737 |    737 |      0 |      0 |    584 |   1 |  737.0 |
               +--------+--------+--------+--------+--------+-----+--------+

Top non-repeatable levels by time:
     D:1: 737 daAuts
